[Event "Titled Tuesday Blitz May 2 Late 2023"]
[White "Mekhitarian, Krikor Sevag"]
[Black "Vlassov, Nikolai"]
[WhiteFideId "2107660"]
[BlackFideId "4103360"]
[WhiteElo "2604"]
[BlackElo "2324"]
[Result "1/2-1/2"]
[Round "02"]
[TimeControl "180+2"]
[Date "2023.05.02"]
[WhiteClock "0:00:14"]
[BlackClock "0:00:24"]

1. Nf3 c5 2. c4 g6 3. e4 Bg7 4. d4 Qa5+ 5. Nc3 Nc6 6. d5 Nd4 7. Bd2 Nxf3+ 8. Qxf3 d6 9. h3 Nf6 10. Bd3 O-O 11. O-O e5 12. Qd1 Qd8 13. Be2 Ne8 14. a3 f5 15. b4 b6 16. bxc5 bxc5 17. Rb1 Nf6 18. exf5 Bxf5 19. Rb7 Rb8 20. Qb3 Rxb7 21. Qxb7 Qb6 22. Qxb6 axb6 23. g4 Bd7 24. Rb1 Rb8 25. a4 Bc8 26. a5 Nd7 27. Ne4 Bf8 28. h4 Be7 29. g5 bxa5 30. Rxb8 Nxb8 31. Bxa5 Na6 32. Bd1 Bf5 33. f3 Bxe4 34. fxe4 Nb4 35. Bg4 Kg7 36. Kg2 h6 37. gxh6+ Kxh6 38. Kh3 Nd3 39. Bd2+ g5 40. Bf3 Nf4+ 41. Bxf4 exf4 42. hxg5+ Kxg5 43. Bg4 Bf6 44. Bd1 Bd4 45. Kg2 Be3 46. Kf3 Kf6 47. Ba4 Ke5 48. Bb5 Kd4 49. Ba6 Kd3 50. Bb5 Kd4 51. Ba6 Ke5 52. Bb5 Bd4 53. Ba6 Be3 54. Bb5 1/2-1/2


[Site "https://www.chess.com"]

[Event "Titled Tuesday Blitz May 2 Late 2023"]
[White "Danielyan, Vahe"]
[Black "Remizov, Yaroslav"]
[WhiteFideId "13304828"]
[BlackFideId "34134015"]
[WhiteElo "2423"]
[BlackElo "2412"]
[Result "0-1"]
[Round "02"]
[TimeControl "180+2"]
[Date "2023.05.02"]
[WhiteClock "0:00:07"]
[BlackClock "0:00:21"]

1. e4 Nf6 2. e5 Nd5 3. c4 Nb6 4. d4 d6 5. f4 Bf5 6. Nc3 dxe5 7. fxe5 e6 8. Be3 Nc6 9. Be2 f6 10. exf6 Qxf6 11. Nf3 h6 12. O-O O-O-O 13. a4 Bb4 14. a5 Nxa5 15. Nb5 a6 16. c5 Nd5 17. Bd2 Bxd2 18. Nxd2 Nc6 19. Nf3 Ne3 20. Qb3 Nxf1 21. Bxf1 axb5 22. Bxb5 Nb8 23. Ra8 Be4 24. c6 Bxf3 25. cxb7+ Bxb7 26. Ba6 Qxd4+ 0-1


[Site "https://www.chess.com"]

[Event "Titled Tuesday Blitz May 2 Late 2023"]
[White "Indjic, Aleksandar"]
[Black "Rostomyan, Mikayel"]
[WhiteFideId "911925"]
[BlackFideId "13313754"]
[WhiteElo "2614"]
[BlackElo "2061"]
[Result "1-0"]
[Round "02"]
[TimeControl "180+2"]
[Date "2023.05.02"]
[WhiteClock "0:01:17"]
[BlackClock "0:00:07"]

1. d4 Nf6 2. Nf3 c5 3. d5 b5 4. c3 Bb7 5. e4 e6 6. dxe6 fxe6 7. e5 Nd5 8. Bxb5 Be7 9. O-O O-O 10. Re1 Nf4 11. Bxf4 Rxf4 12. Nbd2 Nc6 13. Bd3 Qc7 14. Qe2 Raf8 15. Be4 g6 16. Rf1 Qb6 17. Nc4 Qc7 18. Ncd2 Qb6 19. Rab1 Ba6 20. c4 Qc7 21. Bd3 Bb7 22. Rbe1 a5 23. Be4 a4 24. Qe3 Nxe5 25. Nxe5 Bxe4 26. g3 Qxe5 27. gxf4 Rxf4 28. Nxe4 Rg4+ 29. Ng3 Qxb2 30. Qe2 Qd4 31. Rd1 1-0


[Site "https://www.chess.com"]

[Event "Titled Tuesday Blitz May 2 Late 2023"]
[White "Rodshtein, Maxim"]
[Black "Prem, Pranav"]
[WhiteFideId "2806851"]
[BlackFideId "30901057"]
[WhiteElo "2555"]
[BlackElo "1970"]
[Result "1/2-1/2"]
[Round "02"]
[TimeControl "180+2"]
[Date "2023.05.02"]
[WhiteClock "0:00:06"]
[BlackClock "0:00:06"]

1. e4 e6 2. d4 d5 3. Nc3 Nf6 4. e5 Nfd7 5. f4 c5 6. Nf3 Nc6 7. Be3 a6 8. a3 b5 9. dxc5 Bxc5 10. Bxc5 Nxc5 11. b4 Nd7 12. Bd3 f6 13. exf6 Nxf6 14. O-O O-O 15. Ne5 Qc7 16. Nxc6 Qxc6 17. Qd2 Bb7 18. Rae1 Rac8 19. Nd1 d4 20. Qe2 Rce8 21. Rf3 h6 22. Nf2 Qc7 23. Ne4 Nd5 24. g3 Ne3 25. Rxe3 dxe3 26. Qxe3 Qc6 27. Qc5 Qd5 28. Re2 Ba8 29. Qxd5 exd5 30. Nc5 Rxe2 31. Bxe2 Rf6 32. Bf3 Kf8 33. Kf2 Ke7 34. Ke3 Kd6 35. Kd4 Bc6 36. Nxa6 Re6 37. Nc5 Re1 38. Nb3 Rf1 39. Be2 Rf2 40. Bd3 Rxh2 41. Nc5 Rg2 42. a4 bxa4 43. b5 Ba8 44. Nxa4 Rxg3 45. Nb6 Bb7 46. Na4 Rg4 47. Ke3 g5 48. Nb6 Rxf4 49. c4 dxc4 50. Nxc4+ Kc5 51. Ne5 Rh4 52. Nd7+ Kd6 53. Nf6 Rh3+ 54. Kd4 Rh4+ 55. Ke3 Kc5 56. Nd7+ Kb4 57. Ne5 Rh3+ 58. Kd4 h5 59. Nc6+ Ka4 60. Nd8 g4 61. Nxb7 g3 62. Nc5+ Ka5 63. Be4 Rh2 64. Ke3 Rb2 65. Nd3 Rxb5 66. Nf4 Rb3+ 67. Ke2 Rb4 68. Kf3 h4 69. Nh3 Rxe4 70. Kxe4 Kb5 71. Kf3 Kc5 72. Kg4 Kd5 73. Kxh4 Ke5 74. Kxg3 1/2-1/2


[Site "https://www.chess.com"]

[Event "Titled Tuesday Blitz May 2 Late 2023"]
[White "Livaic, Leon"]
[Black "Krishnan, Varun"]
[WhiteFideId "14531534"]
[BlackFideId "5054508"]
[WhiteElo "2509"]
[BlackElo "2341"]
[Result "1-0"]
[Round "02"]
[TimeControl "180+2"]
[Date "2023.05.02"]
[WhiteClock "0:00:38"]
[BlackClock "0:00:12"]

1. d4 d5 2. c4 e6 3. Nc3 Bb4 4. Nf3 Nf6 5. Bg5 h6 6. Bxf6 Qxf6 7. e3 O-O 8. Rc1 c5 9. cxd5 cxd4 10. Qxd4 Qxd4 11. Nxd4 exd5 12. a3 Bxc3+ 13. Rxc3 Be6 14. Be2 Na6 15. Kd2 Rac8 16. Rhc1 Rxc3 17. Rxc3 Rc8 18. Rxc8+ Bxc8 19. Bxa6 bxa6 20. Kc3 Kf8 21. Kb4 Ke7 22. Kc5 Bb7 23. b4 g5 24. g3 Kd7 25. Nf5 h5 26. h4 gxh4 27. gxh4 Ke6 28. Ng7+ Ke5 29. Nxh5 f5 30. Nf4 d4 31. h5 Kf6 32. Kxd4 Kg5 33. Ke5 Be4 34. Kd6 Bc2 35. Kc6 Bd1 36. Kb7 Bxh5 37. Nxh5 Kxh5 38. Kxa6 Kg4 39. Kxa7 Kf3 40. b5 Kxf2 41. b6 Kxe3 42. b7 f4 43. b8=Q f3 44. Qf8 f2 45. a4 Ke2 46. a5 f1=Q 47. Qxf1+ Kxf1 48. a6 1-0


[Site "https://www.chess.com"]

[Event "Titled Tuesday Blitz May 2 Late 2023"]
[White "Bakalchuk, Johnatan"]
[Black "Mortazavi, Ali"]
[WhiteFideId "2810301"]
[BlackFideId "401323"]
[WhiteElo "2450"]
[BlackElo "2339"]
[Result "1-0"]
[Round "02"]
[TimeControl "180+2"]
[Date "2023.05.02"]
[WhiteClock "0:00:42"]
[BlackClock "0:00:05"]

1. d4 Nf6 2. Nc3 g6 3. e4 d6 4. Bf4 Nc6 5. Qd2 Bg7 6. O-O-O O-O 7. f3 Nh5 8. Bh6 e5 9. d5 Nd4 10. Nge2 Nxe2+ 11. Nxe2 Bxh6 12. Qxh6 Qf6 13. Qe3 c5 14. dxc6 bxc6 15. g4 Nf4 16. Nxf4 exf4 17. Qd4 Qd8 18. Qxd6 Qb6 19. Bc4 Qe3+ 20. Kb1 Qxf3 21. Rhf1 Qxg4 22. Rxf4 Qh5 23. Rxf7 Rxf7 24. Bxf7+ Kg7 25. Bb3 Bg4 26. Rf1 Qg5 27. a4 Kh6 28. Rf7 Rd8 29. Qc7 Rd1+ 30. Ka2 Qc1 31. Rxh7+ Kg5 32. h4+ Kf6 33. Qe7# 1-0


[Site "https://www.chess.com"]

[Event "Titled Tuesday Blitz May 2 Late 2023"]
[White "Vovk, Orest"]
[Black "Perez Ponsa, Federico"]
[WhiteFideId "14113490"]
[BlackFideId "117927"]
[WhiteElo "2215"]
[BlackElo "2590"]
[Result "0-1"]
[Round "02"]
[TimeControl "180+2"]
[Date "2023.05.02"]
[WhiteClock "0:00:01"]
[BlackClock "0:00:08"]

1. c4 e6 2. Nc3 d5 3. Nf3 d4 4. Ne4 Nc6 5. g4 f5 6. gxf5 exf5 7. Ng3 g5 8. d3 g4 9. Nd2 h5 10. h3 f4 11. Nge4 g3 12. fxg3 fxg3 13. Bg2 Nh6 14. O-O Nf5 15. Nf3 Bh6 16. Bxh6 Rxh6 17. Nfg5 Ne3 18. Qb3 Nxf1 19. c5 Qe7 20. Rxf1 Nd8 21. Qg8+ Kd7 22. Qd5+ Ke8 23. Qg8+ Kd7 24. Rf8 c6 25. Rf5 Kc7 26. Rf8 Be6 27. Rxd8 Bxg8 28. Rxa8 Bd5 29. Rxa7 Bxe4 30. Nxe4 Re6 31. Ra8 Rxe4 32. Bxe4 Qf6 33. Bf3 Qe5 34. Rg8 Qe3+ 35. Kh1 Qf2 36. Bg2 Qe1+ 0-1


[Site "https://www.chess.com"]

[Event "Titled Tuesday Blitz May 2 Late 2023"]
[White "Kosakowski, Jakub"]
[Black "Kourkoulos-Arditis, Stamatis"]
[WhiteFideId "1185080"]
[BlackFideId "4221990"]
[WhiteElo "2488"]
[BlackElo "2400"]
[Result "1/2-1/2"]
[Round "02"]
[TimeControl "180+2"]
[Date "2023.05.02"]
[WhiteClock "0:00:08"]
[BlackClock "0:00:10"]

1. e4 Nf6 2. e5 Nd5 3. d4 d6 4. Nf3 g6 5. h3 Bg7 6. Bc4 Nb6 7. Bb3 dxe5 8. Nxe5 Bxe5 9. dxe5 Qxd1+ 10. Kxd1 Nc6 11. Bf4 Bf5 12. Nd2 Nd4 13. c3 Nxb3 14. axb3 a6 15. Ke2 O-O-O 16. Rhd1 Bc2 17. Rdc1 Bd3+ 18. Ke1 Nd5 19. Bg3 f5 20. Nf3 f4 21. Bh2 h6 22. Nd4 g5 23. Rd1 Bg6 24. Ne6 Rd7 25. Nc5 Rdd8 26. Ne6 Rd7 27. Nc5 Rdd8 28. Rd4 Nb6 29. Rad1 Rxd4 30. Rxd4 Bf5 31. h4 Nd7 32. Nxd7 Bxd7 33. g3 f3 34. g4 gxh4 35. Rf4 Bc6 36. Rf5 Kd7 37. Rh5 Rg8 38. Rxh4 Rg6 39. Bf4 Ke6 40. Bxh6 Kxe5 41. Be3 Ke4 42. Kd2 Rd6+ 43. Kc2 Rg6 44. Rh7 Rxg4 45. Rxe7+ Kd5 46. Rxc7 Kd6 47. Rf7 Rg1 48. c4 Re1 49. Kc3 Re2 50. b4 Ke5 51. Bd4+ Ke6 52. Rf6+ Ke7 53. Rh6 Kd7 54. Be3 Ke7 55. b3 Rxe3+ 56. fxe3 f2 57. Rh7+ Kf6 58. Rh4 f1=Q 59. Rf4+ Qxf4 60. exf4 b5 61. Kd4 Kf5 62. Kc5 Be8 63. Kb6 Bf7 64. cxb5 axb5 65. Kxb5 Bxb3 66. Kc5 Ba4 67. b5 Bxb5 68. Kxb5 Kxf4 1/2-1/2


[Site "https://www.chess.com"]

[Event "Titled Tuesday Blitz May 2 Late 2023"]
[White "Loiacono, Antonio"]
[Black "Grigorov, Grigor"]
[WhiteFideId "895415"]
[BlackFideId "2907313"]
[WhiteElo "2257"]
[BlackElo "2510"]
[Result "0-1"]
[Round "02"]
[TimeControl "180+2"]
[Date "2023.05.02"]
[WhiteClock "0:00:10"]
[BlackClock "0:00:09"]

1. e4 c6 2. d4 d5 3. e5 Bf5 4. Nd2 e6 5. Nb3 c5 6. Nxc5 Bxc5 7. dxc5 Qa5+ 8. c3 Qxc5 9. Nf3 Ne7 10. Be3 Qc7 11. Qb3 Nbc6 12. Be2 O-O 13. Bd4 Ng6 14. O-O Ngxe5 15. Nxe5 Nxe5 16. Bxe5 Qxe5 17. Bf3 Qc7 18. Rac1 Rac8 19. Rfd1 Rfd8 20. Rd4 h6 21. h3 a6 22. c4 Qe5 23. Rdd1 dxc4 24. Rxd8+ Rxd8 25. Qxb7 Rd2 26. Qxa6 Bd3 27. b3 Qd4 28. bxc4 Rxf2 29. Kh1 Qe3 30. Rd1 Be4 31. Bxe4 Qxe4 32. Rg1 Rc2 33. Qc8+ Kh7 34. c5 Rxa2 35. Qd7 Ra3 36. Kh2 Qe5+ 37. Kh1 Qxc5 38. Qxf7 Qd5 39. Re1 Rxh3+ 40. Kg1 Qd4+ 41. Kf1 Rh1+ 42. Ke2 Qe4+ 43. Kd2 Rxe1 44. Qf2 Ra1 45. Qa7 Rxa7 0-1


[Site "https://www.chess.com"]

[Event "Titled Tuesday Blitz May 2 Late 2023"]
[White "Djordjevic, Vuk"]
[Black "Mordechai, Hanan"]
[WhiteFideId "902098"]
[BlackFideId "2804166"]
[WhiteElo "2452"]
[BlackElo "2324"]
[Result "1-0"]
[Round "02"]
[TimeControl "180+2"]
[Date "2023.05.02"]
[WhiteClock "0:00:07"]
[BlackClock "0:00:03"]

1. d4 Nf6 2. Bg5 d5 3. Bxf6 gxf6 4. e3 e6 5. c4 c6 6. Nc3 Bd6 7. Nf3 a6 8. Qc2 Nd7 9. Bd3 f5 10. O-O Rg8 11. c5 Bc7 12. b4 Qf6 13. a4 Qg6 14. g3 Nf6 15. b5 Qh5 16. Be2 Qh3 17. Ne1 Rg6 18. f4 Ng4 19. Bxg4 Rxg4 20. Nf3 Bd7 21. Rab1 axb5 22. axb5 Ke7 23. bxc6 Rag8 24. Ne2 Bxc6 25. Ne5 Bxe5 26. fxe5 h5 27. Kh1 Re4 28. Ng1 Qg4 29. Rf3 Qg5 30. Qf2 h4 31. gxh4 Rxh4 32. Nh3 Qh6 33. Nf4 Rh8 34. h3 Rg8 35. Kh2 Rhg4 36. Ra1 Kd7 37. Kh1 Kc7 38. Qh2 Rh4 39. Rg3 Rh8 40. Rag1 Rh7 41. Qg2 Bb5 42. Qb2 Bc6 43. Qb6+ Kd7 44. Kh2 Rxf4 45. exf4 Qxf4 46. Qb2 Qh4 47. Qf2 Bb5 48. Rf3 Bc4 49. Qxh4 Rxh4 50. Rb1 Kc7 51. Rg3 Rxd4 52. Rg7 Kc6 53. Rxf7 Re4 54. Rbxb7 Kxc5 55. h4 Rxe5 56. h5 f4 57. Rh7 f3 58. Kg3 Be2 59. Rbf7 Rg5+ 60. Kf4 Rg2 61. Ke3 Bd1 62. h6 d4+ 63. Ke4 f2 64. Rh8 Bc2+ 65. Ke5 Bd3 66. Rhf8 Rh2 67. Rxf2 Rxh6 68. Rc8+ Kb4 69. Kxd4 Bb5 70. Rb2+ Ka3 71. Rxb5 Rh4+ 72. Kc5 Rh5+ 73. Kb6 Rh4 74. Ra8+ Ra4 75. Rxa4+ 1-0


[Site "https://www.chess.com"]

[Event "Titled Tuesday Blitz May 2 Late 2023"]
[White "Karttunen, Mika"]
[Black "Holt, Conrad"]
[WhiteFideId "502081"]
[BlackFideId "2034387"]
[WhiteElo "2396"]
[BlackElo "2592"]
[Result "0-1"]
[Round "02"]
[TimeControl "180+2"]
[Date "2023.05.02"]
[WhiteClock "0:00:28"]
[BlackClock "0:00:15"]

1. e4 e6 2. d4 d5 3. Nc3 Nf6 4. Bg5 dxe4 5. Nxe4 Be7 6. Bxf6 Bxf6 7. Nxf6+ Qxf6 8. Nf3 c5 9. Bb5+ Bd7 10. Bxd7+ Nxd7 11. c3 O-O 12. O-O Rad8 13. Re1 cxd4 14. Qxd4 Nb6 15. Qxf6 gxf6 16. Rad1 Na4 17. Rb1 Rd6 18. Re4 Rfd8 19. g3 Rd1+ 20. Rxd1 Rxd1+ 21. Kg2 b5 22. Rb4 Ra1 23. Nd4 Rxa2 24. Nxb5 Nxb2 25. Rf4 Nd3 26. Rg4+ Kf8 27. Rd4 Nxf2 28. Kf3 f5 29. Rd7 Ng4 30. Rxa7 Rf2# 0-1


[Site "https://www.chess.com"]

[Event "Titled Tuesday Blitz May 2 Late 2023"]
[White "Flores, Diego"]
[Black "Karamsetty, Jeevan"]
[WhiteFideId "108049"]
[BlackFideId "2025337"]
[WhiteElo "2613"]
[BlackElo "2111"]
[Result "1-0"]
[Round "02"]
[TimeControl "180+2"]
[Date "2023.05.02"]
[WhiteClock "0:00:15"]
[BlackClock "0:00:06"]

1. c4 g6 2. Nc3 Bg7 3. g3 d6 4. Bg2 Nc6 5. d3 Bd7 6. e4 Qc8 7. Be3 Nf6 8. h3 e5 9. Nge2 O-O 10. Qd2 a6 11. O-O Bxh3 12. f3 h5 13. Nd5 Bxg2 14. Kxg2 Nxd5 15. cxd5 Ne7 16. Rac1 Qd7 17. d4 f5 18. dxe5 dxe5 19. Bg5 Rf7 20. Qb4 Re8 21. Qxb7 fxe4 22. fxe4 Qg4 23. Rxf7 Kxf7 24. Qxa6 Qxg5 25. Qe6+ Kf8 26. Rf1+ Nf5 27. Qa6 Qg4 28. Qd3 Kg8 29. exf5 e4 30. Qc4 gxf5 31. d6+ Kh7 32. dxc7 Rc8 33. Rf4 Qg6 34. Qc5 Bh6 35. Rxf5 Qg7 36. Rxh5 Rxc7 37. Qf5+ Qg6 38. Rxh6+ Kxh6 39. Qf4+ Qg5 40. Qxc7 Kh5 41. Qf4 Qb5 42. Qxe4 Kg5 43. Qf4+ Kh5 44. Qf3+ Kg5 45. b3 Qe5 46. a4 Qb2 47. Qf4+ Kh5 48. Qf3+ Kg6 49. g4 Qa1 50. Qf5+ Kg7 51. a5 Qa2 52. Kf3 Qxb3+ 53. Kg2 Qa2 54. Qe5+ Kg6 55. Kg3 Qa3+ 56. Kh4 Kh7 57. Nf4 Qc1 58. Qe7+ Kg8 59. Qe6+ Kh7 60. Qf7+ Kh6 61. Qg6# 1-0


[Site "https://www.chess.com"]

[Event "Titled Tuesday Blitz May 2 Late 2023"]
[White "Kavutskiy, Konstantin"]
[Black "Sieciechowicz, Marcin"]
[WhiteFideId "2026384"]
[BlackFideId "1130170"]
[WhiteElo "2323"]
[BlackElo "2302"]
[Result "0-1"]
[Round "02"]
[TimeControl "180+2"]
[Date "2023.05.02"]
[WhiteClock "0:00:04"]
[BlackClock "0:00:05"]

1. d4 Nf6 2. Bg5 g6 3. Bxf6 exf6 4. c4 Bg7 5. Nc3 O-O 6. g3 f5 7. Bg2 Nc6 8. e3 d6 9. Nge2 Bd7 10. O-O a6 11. Rb1 h5 12. h4 Rb8 13. b4 Ne7 14. a4 b6 15. b5 a5 16. Nf4 Kh7 17. Ncd5 Nxd5 18. cxd5 Bh6 19. Rc1 Bxf4 20. exf4 Rc8 21. Rc4 Re8 22. Qc2 Qf6 23. Qc3 Re7 24. Rc1 Be8 25. Qd3 Kg7 26. Bf3 Kh7 27. Kg2 Kg7 28. R1c3 Rd7 29. Qc2 Rcd8 30. Qd3 Qe7 31. Rc6 Rb8 32. R3c4 Rb7 33. Rc2 f6 34. Re2 Qd8 35. Rc1 Bf7 36. Rce1 Rb8 37. Re3 Qg8 38. R1e2 Bxd5 39. Re7+ Rxe7 40. Rxe7+ Kh6 41. Rxc7 Re8 42. Bxd5 Qxd5+ 43. Qf3 Re4 44. Rc6 Qxd4 45. Qb3 Re2 46. Qf3 Ra2 47. Rc8 Rxa4 48. Rh8+ Kg7 49. Rb8 Qe4 50. Rxb6 d5 51. Rb7+ Kh6 52. b6 Rb4 53. Rb8 a4 54. Ra8 Rxb6 55. Qxe4 fxe4 56. Rxa4 Rd6 57. Rd4 Kg7 58. f5 gxf5 59. Kf1 Kf7 60. Ke2 Ke6 61. Ke3 Ra6 62. Kf4 Ra3 0-1


[Site "https://www.chess.com"]

[Event "Titled Tuesday Blitz May 2 Late 2023"]
[White "Makridis, Dimitrios"]
[Black "Ozates, Tuna"]
[WhiteFideId "25864475"]
[BlackFideId "6354521"]
[WhiteElo "2277"]
[BlackElo "2151"]
[Result "1/2-1/2"]
[Round "02"]
[TimeControl "180+2"]
[Date "2023.05.02"]
[WhiteClock "0:00:12"]
[BlackClock "0:00:09"]

1. e4 e5 2. d4 exd4 3. c3 d3 4. Bxd3 Nc6 5. f4 Bc5 6. Nf3 Nf6 7. e5 Ng4 8. Qe2 Nf2 9. Rf1 Nxd3+ 10. Qxd3 O-O 11. Ng5 g6 12. Be3 Bxe3 13. Qxe3 f6 14. exf6 Qxf6 15. Nd2 d5 16. O-O-O d4 17. cxd4 Nxd4 18. Nde4 Qc6+ 19. Kb1 Nf5 20. Qb3+ Kg7 21. Rc1 Qd7 22. Qc3+ Kg8 23. Nf6+ Rxf6 24. Qxf6 Ne3 25. Rf2 Ng4 26. Qc3 Nxf2 27. Ka1 c6 28. h3 Qd5 29. Qf6 Bf5 30. g4 Rf8 31. Qe7 Qd7 32. Qe3 Nd3 33. Rd1 Re8 34. Qd2 Be4 35. a3 Qd4 36. Qe2 Qc4 37. Nxe4 Rxe4 38. Qxd3 Qxd3 39. Rxd3 Rxf4 40. Rd8+ Rf8 41. Rd7 Rf7 42. Rd6 Kg7 43. g5 Re7 44. h4 Rf7 45. b4 Rc7 46. Kb2 Rf7 47. Kc3 h6 48. Kc4 hxg5 49. hxg5 Rc7 50. a4 Rf7 51. Re6 Rd7 52. a5 Rf7 53. a6 bxa6 54. Rxc6 Rf4+ 55. Kb3 Rf5 56. Rxa6 Rxg5 57. Rxa7+ Kh6 58. Kc4 Rg4+ 59. Kc5 Rg5+ 60. Kc6 Rg1 61. b5 Rc1+ 62. Kb7 g5 63. Ra3 g4 64. b6 Kg5 65. Rb3 Re1 66. Kc6 Re8 67. b7 Kf4 68. b8=Q+ Rxb8 69. Rxb8 g3 70. Kd5 g2 71. Rg8 Kf3 72. Kd4 Kf2 73. Kd3 g1=Q 74. Rxg1 Kxg1 1/2-1/2


[Site "https://www.chess.com"]

[Event "Titled Tuesday Blitz May 2 Late 2023"]
[White "Vakhlamov, Igor L."]
[Black "Mustafayev, Farid"]
[WhiteFideId "24126748"]
[BlackFideId "13408771"]
[WhiteElo "2400"]
[BlackElo "2237"]
[Result "0-1"]
[Round "02"]
[TimeControl "180+2"]
[Date "2023.05.02"]
[WhiteClock "0:00:01"]
[BlackClock "0:00:08"]

1. e4 c5 2. Nf3 a6 3. Nc3 b5 4. g3 Bb7 5. d3 e6 6. Bg2 d6 7. O-O Nd7 8. Re1 Ngf6 9. e5 dxe5 10. Nxe5 Bxg2 11. Kxg2 Nxe5 12. Rxe5 Be7 13. Qf3 O-O 14. Bf4 Qd4 15. Re2 Qd7 16. Rae1 Rac8 17. Be5 Rfd8 18. b3 Qc6 19. Ne4 Nxe4 20. dxe4 f6 21. Bf4 e5 22. Be3 c4 23. h4 Bb4 24. Rh1 cxb3 25. cxb3 Rd3 26. h5 h6 27. Qg4 Qd7 28. Qg6 Qf7 29. Qg4 Rc6 30. Bxh6 f5 31. exf5 Qd5+ 32. Kh2 Rxh6 33. f6 Bf8 34. fxg7 Bxg7 35. Rc1 e4 36. Rc8+ Kh7 37. Qxe4+ Qxe4 38. Rxe4 Rxh5+ 39. Kg2 Rd2 40. Rc7 Rg5 41. a4 Kg6 42. Re6+ Bf6 43. Rxa6 Rf5 44. axb5 Rdxf2+ 45. Kh3 Rh5+ 46. Kg4 Rg5+ 47. Kh3 Rf3 48. Rcc6 Rfxg3+ 49. Kh2 Rg2+ 50. Kh1 Rg1+ 51. Kh2 Rf1 52. b6 Kh5 53. Rxf6 Rxf6 54. b7 Rf2+ 55. Kh3 Rf3+ 56. Kh2 Rxb3 57. Ra7 Rc5 58. Ra3 Rc2+ 59. Kg1 Rb1# 0-1


[Site "https://www.chess.com"]

[Event "Titled Tuesday Blitz May 2 Late 2023"]
[White "Krzyzanowski, Marcin"]
[Black "Adan Bermudez, Sergio"]
[WhiteFideId "1132199"]
[BlackFideId "2292726"]
[WhiteElo "2471"]
[BlackElo "2292"]
[Result "1-0"]
[Round "02"]
[TimeControl "180+2"]
[Date "2023.05.02"]
[WhiteClock "0:02:36"]
[BlackClock "0:02:08"]

1. e4 c5 2. Nf3 Nc6 3. d4 cxd4 4. Nxd4 e5 5. Nb5 a6 6. Nd6+ Bxd6 7. Qxd6 Qe7 8. Qd2 Nf6 9. Nc3 d6 10. Nd5 Nxd5 11. exd5 Nb8 12. Be2 O-O 13. O-O Nd7 14. c4 a5 15. b3 Nc5 16. Bb2 f5 17. f4 Ne4 18. Qe3 exf4 19. Rxf4 g5 20. Rxe4 fxe4 21. Qd4 Qe5 22. Qxe5 dxe5 23. Bxe5 Bf5 24. c5 Rfe8 25. Bd4 Rad8 26. d6 b6 27. Bf6 bxc5 28. Bxd8 Rxd8 29. Rd1 Kf7 30. Bc4+ Be6 31. Rf1+ Kg6 32. Bxe6 Rxd6 33. Bf5+ Kg7 34. Bxe4 1-0


[Site "https://www.chess.com"]

[Event "Titled Tuesday Blitz May 2 Late 2023"]
[White "Becerra, Juan David"]
[Black "Szpar, Milosz"]
[WhiteFideId "4404998"]
[BlackFideId "1184989"]
[WhiteElo "2276"]
[BlackElo "2436"]
[Result "0-1"]
[Round "02"]
[TimeControl "180+2"]
[Date "2023.05.02"]
[WhiteClock "0:00:01"]
[BlackClock "0:00:04"]

1. e4 c5 2. d4 cxd4 3. c3 e5 4. cxd4 exd4 5. Nf3 Nc6 6. Nxd4 Nf6 7. Nxc6 bxc6 8. Bd3 d5 9. exd5 cxd5 10. O-O Be7 11. Nc3 O-O 12. Bg5 Be6 13. Re1 h6 14. Bf4 Qb6 15. Qd2 Rfd8 16. Be5 d4 17. Ne4 Nxe4 18. Rxe4 Rac8 19. Bxd4 Qd6 20. Qe2 Bf5 21. Rxe7 Bxd3 22. Qg4 Qxd4 23. Re8+ Rxe8 24. Qxd4 Bg6 25. Qd7 Rcd8 26. Qxa7 Ra8 27. Qd4 Rxa2 28. Rc1 Re2 29. h4 Raxb2 30. Qd8+ Kh7 31. Rc8 Bf5 32. h5 Bxc8 33. Qxc8 Rxf2 34. g4 Rfc2 35. Qf5+ Kg8 36. Qf1 Rb4 37. Qd1 Rc8 38. Kf2 Rb2+ 39. Kg3 Rb5 40. Kh4 Rg5 41. Qd7 Rf8 42. Qe7 f5 43. Qe6+ Kh7 44. gxf5 Rfxf5 0-1


[Site "https://www.chess.com"]

[Event "Titled Tuesday Blitz May 2 Late 2023"]
[White "Bayo Milagro, Alvaro"]
[Black "Tanenbaum, Zachary"]
[WhiteFideId "22275240"]
[BlackFideId "2060850"]
[WhiteElo "2270"]
[BlackElo "2175"]
[Result "0-1"]
[Round "02"]
[TimeControl "180+2"]
[Date "2023.05.02"]
[WhiteClock "0:00:06"]
[BlackClock "0:00:14"]

1. c4 e5 2. Nc3 Nf6 3. Nf3 Nc6 4. e4 Bb4 5. d3 d6 6. Be2 O-O 7. O-O Bg4 8. Nd5 Nxd5 9. cxd5 Bxf3 10. Bxf3 Nd4 11. Be3 Bc5 12. Bg4 g6 13. Bh3 Qh4 14. Qg4 Qxg4 15. Bxg4 Nc2 16. Bh6 Nxa1 17. Bxf8 Nc2 18. Bh6 Nb4 19. Be2 Nxa2 20. Bd2 a5 21. Ra1 Nb4 22. Bxb4 Bxb4 23. g3 Bc5 24. Kg2 Bd4 25. Ra2 Ra6 26. b3 Rb6 27. Bd1 Rb5 28. f4 Rc5 29. Rc2 Rxc2+ 30. Bxc2 Kf8 31. Bd1 Ke7 32. Kf3 Kd8 33. f5 Kc8 34. Ke2 Kb8 35. Kd2 b5 36. Bg4 Ka7 37. f6 a4 38. bxa4 bxa4 39. Kc2 Be3 40. h4 Bf2 41. Be6 Bxg3 42. Bxf7 Bxh4 43. Be8 Bxf6 44. Bxa4 Kb6 45. Be8 Kc5 46. Kd2 Kd4 47. Ke2 Bg5 48. Bf7 Bf4 49. Be8 g5 50. Bh5 Kc5 51. Bg4 c6 52. dxc6 Kxc6 53. Kf3 Kc7 54. Bf5 h5 55. Bg6 g4+ 56. Kf2 h4 57. Bh5 g3+ 58. Kg2 Kc6 59. Bg4 Kc5 60. Kf3 Kd4 0-1


[Site "https://www.chess.com"]

[Event "Titled Tuesday Blitz May 2 Late 2023"]
[White "Klukin, Kirill"]
[Black "Stork, Oliver"]
[WhiteFideId "24199273"]
[BlackFideId "12955728"]
[WhiteElo "2344"]
[BlackElo "2239"]
[Result "1-0"]
[Round "02"]
[TimeControl "180+2"]
[Date "2023.05.02"]
[WhiteClock "0:00:21"]
[BlackClock "0:00:20"]

1. f4 d5 2. Nf3 c5 3. g3 Nc6 4. Bg2 Nf6 5. O-O e6 6. d3 Be7 7. Nc3 b6 8. e4 Bb7 9. Bd2 Qc7 10. Qe1 a6 11. a3 h5 12. f5 d4 13. fxe6 fxe6 14. Ne2 e5 15. Ng5 Bc8 16. c3 Bd7 17. cxd4 cxd4 18. Rc1 O-O-O 19. Nf7 Rdf8 20. Nxh8 Rxh8 21. Bg5 Kb7 22. Nxd4 Bc5 23. Rxc5 bxc5 24. Nb3 Nd4 25. Nxd4 cxd4 26. Bxf6 gxf6 27. Rxf6 h4 28. Qb4+ Ka7 29. Qd6 Qc1+ 30. Rf1 Qe3+ 31. Kh1 Bb5 32. Rf7+ Ka8 33. Qd5+ Kb8 34. Qb7# 1-0


[Site "https://www.chess.com"]

[Event "Titled Tuesday Blitz May 2 Late 2023"]
[White "Klimkowski, Jan"]
[Black "Maurizzi, Marc`Andria"]
[WhiteFideId "21856222"]
[BlackFideId "36083534"]
[WhiteElo "2331"]
[BlackElo "2421"]
[Result "1-0"]
[Round "02"]
[TimeControl "180+2"]
[Date "2023.05.02"]
[WhiteClock "0:00:50"]
[BlackClock "0:01:18"]

1. e4 c5 2. Nf3 Nc6 3. Bb5 e6 4. O-O Nge7 5. Re1 a6 6. Bf1 Nd4 7. Nxd4 cxd4 8. c3 Nc6 9. d3 Bc5 10. Qg4 O-O 11. Qg3 d6 12. Nd2 e5 13. Nb3 Ba7 14. Bg5 f6 15. Bd2 Be6 16. Be2 a5 17. Bg4 Bf7 18. Bf5 a4 19. Bh6 g6 20. Nd2 a3 21. c4 axb2 22. Rab1 Re8 23. Rxb2 Re7 24. Reb1 Bc5 25. Bh3 b6 26. f4 Kh8 27. Nb3 Rea7 28. Qf2 Nb4 29. Qf3 Rxa2 30. Rxa2 Rxa2 31. fxe5 dxe5 32. Rf1 Be7 33. Nc1 Nc2 34. Nxa2 Qa8 35. Bg5 1-0


[Site "https://www.chess.com"]

[Event "Titled Tuesday Blitz May 2 Late 2023"]
[White "Graif, William"]
[Black "Samsonkin, Artiom"]
[WhiteFideId "2609835"]
[BlackFideId "13503111"]
[WhiteElo "2205"]
[BlackElo "2524"]
[Result "0-1"]
[Round "02"]
[TimeControl "180+2"]
[Date "2023.05.02"]
[WhiteClock "0:00:18"]
[BlackClock "0:00:48"]

1. e4 e6 2. d4 d5 3. Be3 dxe4 4. f3 Nf6 5. Nd2 Nd5 6. Qe2 c5 7. dxc5 Nxe3 8. Qxe3 Qa5 9. Qxe4 Bxc5 10. Bd3 Nd7 11. a3 Nf6 12. Qh4 Be7 13. O-O-O Nd5 14. Qe4 Nf6 15. Qh4 Qc7 16. Nh3 Bd7 17. Rhe1 O-O-O 18. Kb1 Kb8 19. Qg3 Qxg3 20. hxg3 h6 21. Nf2 Bc6 22. Nde4 Nd5 23. c4 Nb6 24. Bf1 Ba4 25. Rc1 Rd7 26. Ka2 Rhd8 27. b3 Bc6 28. Rcd1 f5 29. Nc3 Rd2+ 30. Kb1 Rxf2 0-1


[Site "https://www.chess.com"]